 Dungeon Crawl Stone Soup version 0.24.0-1-gfbc8707 (webtiles) character file.

Game seed: 795690747504176820, levelgen mode: deterministic

51 BleediousPenious the Skirmisher (level 4, 0/35 HPs)
             Began as a Human Fighter on Jan 11, 2020.
             Slain by an adder (2 damage)
             ... on level 1 of the Dungeon.
             The game lasted 00:03:08 (1256 turns).

BleediousPenious the Skirmisher (Human Fighter)     Turns: 1256, Time: 00:03:08

Health: 0/35       AC:  6    Str: 17    XL:     4   Next: 7%
Magic:  4/4        EV:  7    Int:  8    God:
Gold:   119        SH:  9    Dex: 13    Spells: 3/3 levels left

rFire    . . .     SeeInvis .   a - +0 long sword
rCold    . . .     Gourm    .   c - +0 shield
rNeg     . . .     Faith    .   b - +0 scale mail
rPois    .         Spirit   .   (no helmet)
rElec    .         Reflect  .   (no cloak)
rCorr    .         Harm     .   (no gloves)
MR       .....                  (no boots)
Stlth    ..........             (no amulet)
HPRegen  0.11/turn              (no ring)
MPRegen  0.09/turn              (no ring)

@: lethally poisoned (0 -> -1)
A: no striking features
a: no special abilities


You were on level 1 of the Dungeon.
You were very hungry.

You visited 1 branch of the dungeon, and saw 2 of its levels.

You collected 119 gold pieces.

Inventory:

Hand Weapons
 a - a +0 long sword (weapon)
Armour
 b - a +0 scale mail (worn)
 c - a +0 shield (worn)
Scrolls
 g - a scroll of identify
 h - a scroll of teleportation
 i - a scroll of enchant weapon {unknown}
Potions
 d - a potion of might
 e - a potion of agility
 k - a potion of degeneration {unknown}
Comestibles
 f - 4 rations


   Skills:
 + Level 3.4 Fighting
 + Level 2.7 Long Blades
 + Level 3.4 Armour
 + Level 0.1 Dodging
 + Level 0.1 Stealth
 + Level 3.3 Shields


You had 3 spell levels left.
You didn't know any spells.
Your spell library was empty.

Dungeon Overview and Level Annotations

Branches:
Dungeon (2/15)

Altars:

Annotations:
D:2 Natasha


Message History

The adder bites you but does no damage. You block the adder's attack.
You block the adder's attack. The adder bites you but does no damage.
The adder barely misses you.
You see here a +0 club.
The adder bites you.
* * * LOW HITPOINT WARNING * * *
You are poisoned.
The adder poisons you!
* * * LOW HITPOINT WARNING * * *
You feel sick.
You barely miss the adder.
The adder is heavily wounded.
* * * LOW HITPOINT WARNING * * *
You feel sick.
The adder bites you but does no damage. x2
You closely miss the adder.
The adder is heavily wounded.
The adder bites you.
You die...

############
#####..........#################
#...+...........................
##.###..........################.
.........................>.....#.
##.###......#.#.###.........##.#.
#.# #.#.#.##.#......###.......#.
#.###.#.#....####...###.#.#####.
#.....#.#......@S.....).#.......
####.###...................######
...........##.##.........#.#
##.##########.##.#######.#.#
##.######................#.#
.......##.###.##.#....)....#
.......##.# #.##...........#
#####..##.# #.##.#.........#
....#..##.# #.##.#.........#


You could see an adder.

Vanquished Creatures
  An ooze (D:2)
  A worm (D:2)
  2 dart slugs
  A leopard gecko (D:2)
  4 bats (D:1)
  A giant cockroach (D:1)
  3 goblins
  2 hobgoblins
  10 jackals
  2 frilled lizards (D:1)
  7 kobolds
  2 rats
36 creatures vanquished.

Notes
Turn   | Place    | Note
-------+----------+-------------------------------------------
     0 | D:1      | BleediousPenious the Human Fighter began the quest for the
                  | Orb.
     0 | D:1      | Reached XP level 1. HP: 18/18 MP: 1/1
    72 | D:1      | Reached XP level 2. HP: 24/24 MP: 2/2
   487 | D:1      | Reached XP level 3. HP: 29/29 MP: 3/3
  1169 | D:2      | Reached XP level 4. HP: 28/35 MP: 4/4
  1200 | D:2      | Noticed Natasha
  1202 | D:2      | HP: 1/35 [Natasha/magic dart (10)]
  1256 | D:1      | Slain by an adder

Levels and vault maps discovered:
D:1:      lemuel_arrival_room, layout_basic
D:2:      layout_loops_ring, first_ration, serial_bayou, serial_bayou_lake_a,
          serial_bayou_shore_a, serial_bayou_crossing, serial_bayou_pond_c,
          grunt_decor_cap, uniq_natasha

Action                   |  1- 3 |  4- 6 || total
-------------------------+-------+-------++-------
Melee: Long sword        |   115 |    19 ||   134
  Use: Scroll            |     5 |       ||     5
       Potion            |       |     1 ||     1
Armor: Scale mail        |    58 |    15 ||    73
Dodge: Dodged            |    34 |     9 ||    43
Block: Shield            |    65 |    21 ||    86
       Rpst.: Long sword |    11 |     2 ||    13
